 Dungeon Crawl Stone Soup version 0.27.1-1-g398f81649c (webtiles) character file.

Game seed: 2796400848105833576

6365 StoopidFlanders the Reanimator (level 11, -13/78 HPs)
             Began as a Human Necromancer on Sept 19, 2021.
             Was an Initiate of Gozag.
             Mangled by a red devil (16 damage)
             ... summoned by a kobold demonologist
             ... on level 10 of the Dungeon.
             The game lasted 00:56:51 (15722 turns).

StoopidFlanders the Reanimator (Human Necromancer) Turns: 15722, Time: 00:56:53

Health: -13/78     AC:  7    Str:  9      XL:     11   Next: 17%
Magic:  11/14      EV: 11    Int: 13 (19) God:    Gozag
Gold:   22         SH:  0    Dex: 13      Spells: 3/14 levels left

rFire    . . .     SeeInvis .   v - +2 short sword (elec)
rCold    + . .     Faith    .   (no shield)
rNeg     . . .     Spirit   .   t - +1 leather armour {rC+}
rPois    .         Reflect  .   (no helmet)
rElec    .         Harm     .   u - +0 cloak
rCorr    .         Rampage  .   m - +0 pair of gloves
Will     .....                  i - +0 pair of boots
Stlth    ++........             l - amulet of regeneration
HPRegen  1.23/turn              B - +4 ring of slaying
MPRegen  0.14/turn              (no ring)

@: brilliant, lethally poisoned (-13 -> -16), about to teleport
A: talons 1, deterioration 1
a: Renounce Religion, Potion Petition, Call Merchant, Bribe Branch


You were on level 10 of the Dungeon.
You worshipped Gozag.
Gozag was noncommittal.
You visited 2 branches of the dungeon, and saw 11 of its levels.

You collected 1135 gold pieces.
You spent 1014 gold pieces at shops.
You paid 99 gold pieces to Gozag.

Inventory:

Hand Weapons
 d - a +2 hunting sling of freezing
 v - a +2 short sword of electrocution (weapon)
 y - the +5 war axe of the Wizarding Hero {holy, Int+5 Dex+3 Stlth+}
   (You took it off an orc on level 8 of the Dungeon)

   It has been blessed by the Shining One to cause great damage to the undead
   and demons.
   Int:       It affects your intelligence (+5).
   Dex:       It affects your dexterity (+3).
   Stlth:     It makes you more stealthy.
Missiles
 c - 242 stones
 f - 72 sling bullets
 w - a throwing net
Armour
 i - a +0 pair of boots (worn)
 m - a +0 pair of gloves (worn)
 t - a +1 leather armour of cold resistance (worn)
 u - a +0 cloak (worn)
Jewellery
 l - an amulet of regeneration (around neck)
 B - a +4 ring of slaying (left hand)
Wands
 a - a wand of paralysis (2)
 r - a wand of mindburst (19)
 s - a wand of digging (6)
Scrolls
 b - 3 scrolls of enchant armour
 e - a scroll of holy word {unknown}
 g - 3 scrolls of identify
 h - a scroll of teleportation
 j - a scroll of blinking
 k - 2 scrolls of immolation
 n - a scroll of magic mapping {unknown}
 o - a scroll of fear {unknown}
 p - 2 scrolls of brand weapon
 q - a scroll of vulnerability
 A - a scroll of acquirement {unknown}
 C - a scroll of fog {unknown}
Potions
 z - a potion of heal wounds {unknown}


   Skills:
 - Level 4.5 Fighting
 - Level 4.7 Short Blades
 * Level 4.8 Axes
 - Level 5.6 Slings
 - Level 2.0 Dodging
 - Level 3.1 Stealth
 - Level 2.0 Spellcasting
 * Level 12.7 Necromancy


You had 3 spell levels left.
You knew the following spells:

 Your Spells              Type           Power      Damage    Failure   Level
a - Pain                  Necr           100%       1d9       1%          1
b - Blink                 Tloc           N/A        N/A       47%         2
c - Vampiric Draining     Necr           25%        2d9       1%          3
d - Excruciating Wounds   Necr           25%        N/A       5%          5

Your spell library contained the following spells:

 Spells                   Type           Power      Damage    Failure   Level
 Animate Skeleton         Necr           100%       N/A       1%          1
 Apportation              Tloc           2%         N/A       34%         1
 Freeze                   Ice            4%         1d3       34%         1
 Summon Small Mammal      Summ           4%         N/A       34%         1
 Call Canine Familiar     Summ           1%         N/A       71%         3
 Frozen Ramparts          Ice            2%         1d2       71%         3
 Gell's Gravitas          Tloc           0%         N/A       71%         3
 Lesser Beckoning         Tloc           0%         N/A       71%         3
 Summon Guardian Golem    Hex/Summ       1%         N/A       71%         3
 Teleport Other           Tloc           1%         N/A       71%         3
 Animate Dead             Necr           25%        N/A       1%          4
 Agony                    Necr           51%        N/A       5%          5
 Hailstorm                Conj/Ice       1%         3d3       98%         4
 Alistair's Intoxication  Tmut/Pois      0%         N/A       100%        5
 Manifold Assault         Tloc           1%         N/A       100%        5
 Dispersal                Tloc           0%         N/A       100%        6
 Invisibility             Hex            0%         N/A       100%        6
 Chain Lightning          Conj/Air       0%         2d1       100%        9
 Fire Storm               Conj/Fire      0%         6d1       100%        9


Dungeon Overview and Level Annotations

Branches:
Dungeon (10/15)            Temple (1/1) D:6             Orc (0/2) D:9
   Lair: D:8-11

Altars:
Ashenzari
Cheibriados
Dithmenos
Elyvilon
Fedhas
Gozag
Hepliaklqana
Kikubaaqudgha
Makhleb
Nemelex Xobeh
Okawaru
Qazlal
Ru
Sif Muna
Trog
Uskayaw
Vehumet
Wu Jian
Xom
Yredelemnul
Zin
The Shining One

Shops:
D:5 *   D:8 *

Annotations:
D:9 3 runed translucent doors, bnorton916's ghost, journeyman DECj


Innate Abilities, Weirdness & Mutations

You have sharp toenails.
Your body sometimes deteriorates upon taking damage.


Message History

The kobold brigand is moderately wounded.
The red devil hits you from afar with a +0 demon trident of venom!
You puncture the kobold brigand!
The kobold brigand is severely wounded.
The kobold brigand hits you with a +0 dagger of venom.
You are poisoned.
The red devil hits you from afar with a +0 demon trident of venom!
You are more poisoned.
Casting: Blink (dangerous; 50% risk of failure)
Confirm with . or Enter, or press ? or * to list all spells.
Aiming: Vampiric Draining (safe; 1% risk of failure)
Press: ? - help, Shift-Dir - straight line, f - kobold brigand
Aim: a kobold brigand, wielding a +0 dagger of venom and quivering poisoned darts (severely wounded)
You draw life force from the kobold brigand!
You kill the kobold brigand!
You feel life coursing into your body.
You feel very sick.
The kobold brigand throws a poisoned dart.
The poisoned dart closely misses you.
The red devil hits you from afar with a +0 demon trident of venom!
You are more poisoned.
You feel your strength returning.
* * * LOW HITPOINT WARNING * * *
You feel extremely sick.
Okay, then.
Okay, then.
As you read the scroll of teleportation, it crumbles to dust.
You feel strangely unstable.
* * * LOW HITPOINT WARNING * * *
You feel extremely sick.
* * * LOW HITPOINT WARNING * * *
You feel very sick.
You feel very sick.
You feel clever all of a sudden.
You feel very sick.
The kobold brigand hits you with a +0 whip.
* * * LOW HITPOINT WARNING * * *
The red devil hits you from afar with a +0 demon trident of venom!
You die...
Your body crumbles into a pile of gold.

######### #
#.......# #. #@#
####.###K#
....YY.#4# # ######
###.## ....YY.#K#.#
#....# #....#
.?...K.#5#.# #.##.#
#.#..# ...YKK..$..#
#.##.# #.#..#
....K.5#.#####.##.#
#.#..#
.......#.......##.#
##.#..#
.......##########.##


You could see a kobold demonologist, a red devil (summoned), a kobold brigand
and a shadow imp (summoned).

Vanquished Creatures
  Pikel (D:4)
  Maurice (D:9)
  A kobold demonologist (D:10)
  6 yaks
  A human (D:9)
  A wyvern (D:10)
  2 wargs (D:9)
  An acid dragon (D:4)
  2 water moccasins (D:6)
  3 sky beasts
  3 orc warriors
  A necrophage (D:7)
  An ogre (D:5)
  2 centaurs (D:9)
  A lemure (D:3)
  3 phantoms
  A kobold brigand (D:10)
  4 bullfrogs
  2 gnoll sergeants
  A scorpion (D:6)
  A water moccasin skeleton (D:5)
  A water moccasin zombie (D:3)
  4 killer bees (D:8)
  3 wights (D:9)
  4 electric eels (D:7)
  4 howler monkeys
  4 centaur zombies
  2 hounds
  A jelly (D:6)
  A gnoll shaman (D:7)
  5 orc priests
  4 iguanas
  10 orc wizards
  Natasha (thrice) (D:3)
  Terence (D:3)
  2 killer bee zombies
  A hound skeleton (D:4)
  16 gnolls
  4 adders
  2 howler monkey skeletons
  A shadow imp (D:6)
  2 white imps (D:7)
  An adder skeleton (D:4)
  A worm (D:4)
  5 dart slugs
  47 orcs
  12 ball pythons
  11 endoplasms
  5 giant cockroaches
  6 goblins
  11 hobgoblins
  3 jackals (D:4)
  5 quokkas
  6 bats
  A frilled lizard (D:3)
  7 kobolds
  8 rats
243 creatures vanquished.

Vanquished Creatures (others)
  5 dream sheep (D:8)
  5 plants (D:7)
10 creatures vanquished.

Grand Total: 253 creatures vanquished

Notes
Turn   | Place    | Note
-------+----------+-------------------------------------------
     0 | D:1      | StoopidFlanders the Human Necromancer began the quest for
                  | the Orb.
     0 | D:1      | Reached XP level 1. HP: 13/13 MP: 3/3
   274 | D:1      | Reached XP level 2. HP: 2/19 MP: 0/5
   840 | D:1      | Reached XP level 3. HP: 22/25 MP: 6/6
   890 | D:1      | Reached skill level 1 in Slings
  1607 | D:2      | Reached skill level 1 in Fighting
  1674 | D:2      | Reached XP level 4. HP: 32/32 MP: 7/7
  2098 | D:2      | Found a faded altar of an unknown god.
  2452 | D:3      | Noticed Natasha
  2455 | D:3      | Killed Natasha
  2474 | D:3      | Noticed Natasha
  2482 | D:3      | Killed Natasha
  2483 | D:3      | Reached XP level 5. HP: 36/38 MP: 8/8
  2620 | D:3      | Noticed Terence
  2630 | D:3      | Killed Terence
  2631 | D:3      | Reached XP level 6. HP: 39/46 MP: 5/9
  3027 | D:3      | Noticed Natasha
  3032 | D:3      | Killed Natasha
  3232 | D:4      | Noticed Pikel
  3490 | D:3      | HP: 1/46 [orc (8)]
  4143 | D:2      | Learned a level 2 spell: Blink
  4147 | D:2      | Learned a level 3 spell: Vampiric Draining
  4882 | D:4      | Reached skill level 5 in Necromancy
  4882 | D:4      | Reached XP level 7. HP: 27/51 MP: 10/10
  5606 | D:4      | Reached skill level 6 in Necromancy
  6133 | D:4      | Killed Pikel
  6134 | D:4      | Reached skill level 8 in Necromancy
  6134 | D:4      | Reached XP level 8. HP: 11/57 MP: 1/11
  7100 | D:5      | Entered Level 5 of the Dungeon
  7167 | D:5      | Reached skill level 9 in Necromancy
  7308 | D:5      | Noticed a yak
  7309 | D:5      | Noticed a yak
  7311 | D:5      | Noticed a yak
  7496 | D:5      | Reached XP level 9. HP: 49/62 MP: 12/12
  7754 | D:5      | Found Siawim's Superlative Supplies.
  7842 | D:5      | Found a blossoming altar of Fedhas.
  8163 | D:6      | Reached skill level 10 in Necromancy
  8859 | D:6      | Reached skill level 5 in Slings
  9665 | D:6      | Learned a level 5 spell: Excruciating Wounds
  9821 | D:6      | Found a staircase to the Ecumenical Temple.
  9984 | Temple   | Entered the Ecumenical Temple
 10412 | Temple   | Became a worshipper of Gozag Ym Sagoz the Greedy
 10414 | Temple   | Gained mutation: You have large cloven feet. [potion of
                  | mutation]
 10414 | Temple   | Gained mutation: Your magical capacity is low. (-10% MP)
                  | [potion of mutation]
 10415 | Temple   | Lost mutation: You have large cloven feet. [potion of
                  | mutation]
 10415 | Temple   | Lost mutation: Your magical capacity is low. (-10% MP)
                  | [potion of mutation]
 10415 | Temple   | Gained mutation: You have sharp toenails. [potion of
                  | mutation]
 10415 | Temple   | Gained mutation: Your body sometimes deteriorates upon
                  | taking damage. [potion of mutation]
 10649 | D:7      | Found an ancient bone altar of Kikubaaqudgha.
 10799 | D:7      | Identified the +8 shortbow of the Hall of Blades {freeze,
                  | Fragile Str+4 Int+7}
 11413 | D:7      | HP: 3/66 [electric eel/bolt of electricity (10)]
 12147 | D:7      | Reached skill level 1 in Short Blades
 12264 | D:7      | Reached XP level 10. HP: 63/72 MP: 13/13
 12590 | D:8      | Reached skill level 11 in Necromancy
 12644 | D:8      | Found a bloodstained altar of Trog.
 12646 | D:8      | Found a shadowy altar of Dithmenos.
 12965 | D:8      | Found a shimmering altar of Xom.
 13274 | D:8      | Identified the +5 war axe of the Wizarding Hero {holy,
                  | Int+5 Dex+3 Stlth+}
 13298 | D:8      | Found Guafygu's Elemental Accessories.
 13318 | D:8      | Reached skill level 1 in Axes
 13624 | D:8      | Found a hazy altar of Hepliaklqana.
 13959 | D:9      | Reached skill level 12 in Necromancy
 14207 | D:9      | Found a runed translucent gate.
 14207 | D:9      | Found a runed translucent gate.
 14207 | D:9      | Found a runed translucent gate.
 14229 | D:9      | Noticed Maurice
 14232 | D:9      | Paralysed by Maurice for 6 turns
 14245 | D:9      | Paralysed by something for 4 turns
 14257 | D:9      | Killed Maurice
 14431 | D:9      | Noticed bnorton916's ghost (journeyman DECj)
 14496 | D:9      | Reached XP level 11. HP: 53/77 MP: 14/14
 14730 | D:9      | Found a staircase to the Orcish Mines.
 14949 | D:9      | Noticed a boulder beetle
 15089 | D:8      | Found a basalt altar of Yredelemnul.
 15172 | D:5      | Bought a +4 ring of slaying for 1014 gold pieces
 15430 | D:10     | Entered Level 10 of the Dungeon
 15722 | D:10     | HP: 3/78 [kobold brigand (4)]
 15722 | D:10     | Mangled by a red devil

Illustrated notes

Levels and vault maps discovered:
D:1:      wander_arrival_fairy_ring, layout_basic, serial_glass,
          glass_columns_a, glass_columns_a
D:2:      minmay_evil_eye, layout_basic, shapermc_ecumenical_altar_mp_vishouse,
          kennysheep_doodads
D:3:      layout_rooms, minmay_pentomino_pile, uniq_natasha, uniq_terence
D:4:      layout_rooms, minmay_pentangle, uniq_pikel
D:5:      layout_loops_ring, lemuel_round_altar, nicolae_alphabet_shops,
          minmay_misc_feat_chi, corexii_checkpoint_a, roderic_batcave
D:6:      layout_loops_ring, minmay_temple_entry_offerings
D:7:      layout_loops_corners, mainiacjoe_overflow_tiny_flanked,
          serial_bayou_lagoon_b
D:8:      layout_loops_ring, kb_xom_exploding_sheep,
          nicolae_overflow_hidden_temple, nicolae_elemental_shop
D:9:      layout_basic, erik_orc_4, gammafunk_ghost_icy, uniq_maurice
D:10:     layout_basic, dpeg_lair_monsters
Temple:   regret_index_temple_generic_petals

Skill      XL: |  1  2  3  4  5  6  7  8  9 10 11 |
---------------+----------------------------------+-----
Stealth        | 3 |  3.1
Slings         | 1 3 4 5 |  5.6
Fighting       | 1 2 4 |  4.5
Necromancy     | 5 8 9 10 12 | 12.7
Short Blades   | 1 4 |  4.7
Axes           | 3 4 |  4.8
Dodging        | |  2.0
Spellcasting   | |  2.0

Action                   |  1- 3 |  4- 6 |  7- 9 | 10-12 || total
-------------------------+-------+-------+-------+-------++-------
Melee: Dagger            |     9 |       |       |       ||     9
       Short sword       |       |       |    23 |   265 ||   288
       Hunting sling     |       |       |     1 |       ||     1
       War axe           |       |       |       |    45 ||    45
 Fire: Hunting sling     |    55 |   178 |   385 |       ||   618
Throw: Stone             |       |       |     1 |       ||     1
 Cast: Pain              |    16 |    28 |    48 |    18 ||   110
       Blink             |       |     1 |       |     2 ||     3
       Vampiric Draining |       |       |    34 |    36 ||    70
       Excruciating Woun |       |       |       |     1 ||     1
Evoke: Wand              |       |       |       |     2 ||     2
  Use: Potion            |       |     3 |     5 |     3 ||    11
       Scroll            |       |     1 |     7 |     7 ||    15
 Stab: Sleeping          |       |       |     1 |     1 ||     2
Armor: Robe              |     5 |    10 |       |       ||    15
       Leather armour    |       |    20 |    63 |    84 ||   167
       Skin              |       |       |     3 |       ||     3
Dodge: Dodged            |    16 |    72 |   120 |   162 ||   370
